 Dungeon Crawl Stone Soup version 0.30-a0-137-gd8773701ce (webtiles) character file.

Game seed: 760996962635974817

20 lunkers the Insei (level 3, -4/28 HPs)
             Began as a Meteoran Transmuter on Sept 24, 2022.
             Slain by Sigmund
             ... wielding a +0 scythe
              (7 damage)
             ... on level 3 of the Dungeon.
             The game lasted 00:02:28 (505 turns).

lunkers the Insei (Meteoran Transmuter)              Turns: 505, Time: 00:02:28

Health: -4/28      AC:  2    Str: 12    XL:     3   Next: 14%
Magic:  5/8        EV: 20    Int: 16    God:
Gold:   171        SH:  0    Dex: 19    Spells: 3/7 levels left

rFire   . . .      SeeInvis .      - Unarmed
rCold   . . .      Faith    .    (shield currently unavailable)
rNeg    . . .      Spirit   .    (body armour currently unavailable)
rPois   x          Reflect  .    (helmet currently unavailable)
rElec   .          Harm     .    (cloak currently unavailable)
rCorr   .          Rampage  .    (gloves currently unavailable)
Will    .....                    (boots currently unavailable)
Stlth   +.........               (no amulet)
HPRegen 0.09/turn                (no ring)
MPRegen 0.11/turn                (no ring)

@: spider-form (expiring), glowing
A: venomous fangs, tiny, sense surroundings 1, otherworldly, glowing, explore
regen
a: End Transformation


You were on level 3 of the Dungeon.
You were a venomous arachnid creature.
You visited 1 branch of the dungeon, and saw 3 of its levels.

You collected 171 gold pieces.

Inventory:

Armour
 a - a +0 robe (melded)
Scrolls
 c - a scroll of fog {unknown}
 e - 2 scrolls of identify {unknown}
Potions
 b - a potion of lignification
 d - a potion of heal wounds {unknown}
 f - a potion of magic {unknown}


   Skills:
 - Level 1.1 Fighting
 - Level 2.4 Dodging
 * Level 4.4 Unarmed Combat
 - Level 2.6 Spellcasting
 + Level 3.0 Transmutations


You had 3 spell levels left.
You knew the following spells:

 Your Spells              Type           Power      Damage    Failure   Level
c - Spider Form           Tmut/Pois      6%         N/A       52%         3
p - Beastly Appendage     Tmut           22%        N/A       16%         1

Your spell library contained the following spells:

 Spells                   Type           Power      Damage    Failure   Level
 Wereblood                Tmut           11%        N/A       22%         2
 Ice Form                 Ice/Tmut       6%         N/A       87%         4


Dungeon Overview and Level Annotations

Branches:
Dungeon (3/15) Zot: 1298

Altars:

Annotations:
D:2 1 runed translucent door, Crazy Yiuf
D:3 Sigmund


Innate Abilities, Weirdness & Mutations

You are a venomous arachnid creature.
You have poisonous fangs.
You are tiny and dextrous.
Your spellcasting is less reliable in this form.
Your armour is entirely melded.
You are incapable of wielding weapons or throwing items.
You passively map a small area around you.
You are easily found by Zot.
You glow in the dark.
You regain HP and MP as you explore.


Message History

Your horns disappear.
Your talons disappear.
You see here a worm corpse.
There is an open door here.
There is a faded altar of an unknown god here.
This altar belongs to (a) Sif Muna, (b) Lugonu or (c) Xom, but you can't tell which.
Press the corresponding letter to learn more about a god, or press enter to convert or escape to cancel.
Okay, then.
There is an open door here.
You see here a worm corpse.
An endoplasm comes into view.
Sigmund the Dreaded comes into view.
He is wielding a +0 scythe.
Sigmund shouts!
The endoplasm attacks as you move away! The endoplasm hits you.
* * * LOW HITPOINT WARNING * * *
Casting: Beastly Appendage (safe; 6% risk of failure)
Confirm with . or Enter, or press ? or * to list all spells.
The spell is extremely dangerous to miscast (32% risk of failure)!
Continue anyway?
You turn into a venomous arachnid creature.
Your +0 robe melds into your body.
The endoplasm misses you.
You bite the endoplasm!
You kill the endoplasm!
Your Transmutations skill increases to level 3!
Unknown command.
Sigmund misses you.
You hit Sigmund.
Sigmund is lightly wounded.
Your transformation is almost over.
Sigmund casts a spell at you. The magic dart hits you!
* * * LOW HITPOINT WARNING * * *
You bite Sigmund!
Sigmund is moderately wounded.
Sigmund mumbles some strange words.
Sigmund flickers and vanishes!
Deactivating autopickup; reactivate with Ctrl-A.
You barely miss something. Something hits you.
* * * LOW HITPOINT WARNING * * *
You miss something.
Unknown command.
You bite something! Something hits you!
You die...

.. * #.# * * * #., *
###.##### @#, , ,
....#>.. * * * .. * *
*#..#.## * #.**
#######.....# #.*
##............
#.##.#.#####..#.###......
#......{s................
#.##.#.#########.######.#
, ... #..#.#..#888###
...#. #..'.#..#...#..
#.####.* #..#.#..##'##.#
#, #.** #.†#_#......#.# ,
, * #. #..###..#...#.. ,
#. ##......#####.# , * ,
* #..###...#8 #..


There were no monsters in sight!

Vanquished Creatures
  A worm (D:3)
  2 endoplasms
  2 giant cockroaches (D:1)
  3 hobgoblins
  2 kobolds (D:2)
  2 ball pythons
  A frilled lizard (D:1)
  3 rats (D:1)
16 creatures vanquished.

Vanquished Creatures (others)
  2 fungi (D:3)
2 creatures vanquished.

Grand Total: 18 creatures vanquished

Notes
Turn   | Place    | Note
-------+----------+-------------------------------------------
     0 | D:1      | lunkers the Meteoran Transmuter began the quest for the
                  | Orb.
     0 | D:1      | Reached XP level 1. HP: 16/16 MP: 5/5
    84 | D:1      | Reached XP level 2. HP: 16/23 MP: 4/6
    86 | D:1      | Reached skill level 4 in Unarmed Combat
   158 | D:2      | Found a runed translucent door.
   159 | D:2      | Noticed Crazy Yiuf
   449 | D:3      | Reached XP level 3. HP: 7/28 MP: 6/8
   453 | D:3      | Learned a level 3 spell: Spider Form
   456 | D:3      | Found a faded altar of an unknown god.
   493 | D:3      | Noticed Sigmund
   505 | D:3      | Slain by Sigmund

Illustrated notes

Levels and vault maps discovered:
D:1:      evilmike_arrival_fibonacci_small, layout_loops_ring, serial_shops,
          nicolae_lakefront_shop, minmay_worlds_worst_comb
D:2:      layout_basic, basic_altar, kennysheep_donut, minmay_hexomino_f4,
          uniq_crazy_yiuf_cottage, uniq_natasha
D:3:      layout_loops_ring, shapermc_ecumenical_altar_mp_vishouse,
          minmay_gold_behind_fungi, kennysheep_generic_room_12, uniq_sigmund

Skill      XL: |  1  2  3 |
---------------+----------+-----
Unarmed Combat | 4 |  4.4
Transmutations | 3 |  3.0
Fighting       | |  1.1
Dodging        | |  2.4
Spellcasting   | |  2.6

Action                   || total
-------------------------++-------
Melee: Unarmed           ||    59
       Headbutt          ||     5
       Punch             ||     2
       Kick              ||     5
 Cast: Beastly Appendage ||     8
       Spider Form       ||     1
Armor: Robe              ||     8
Dodge: Dodged            ||    18

Table legend: (Time is in decaauts)
 A = Elapsed time spent in this place.
 B = Non-inter-level travel time spent in this place.
 C = Inter-level travel time spent in this place.
 D = Time resting spent in this place.
 E = Time spent auto-exploring this place.
 F = Levels seen in this place.
 G = Mean time per level.
                   A        B        C        D        E       F      G
               +--------+--------+--------+--------+--------+-----+--------+
         Total |    500 |    470 |     30 |      0 |      0 |   3 |  166.7 |
       Dungeon |    500 |    470 |     30 |      0 |      0 |   3 |  166.7 |
               +--------+--------+--------+--------+--------+-----+--------+

Top non-repeatable levels by time:
     D:3: 193 daAuts
     D:2: 170 daAuts
     D:1: 137 daAuts
